 Dungeon Crawl Stone Soup version 0.32-a0-876-gcfddb08e57 (webtiles) character file.

Game seed: 9455609813739618435

271 Hubris850 the Cutter (level 6, 0/44 HPs)
             Began as a Coglin Gladiator on Apr 1, 2024.
             Was a Believer of Makhleb.
             Slain by a lemure (1 damage)
             ... led by Pikel
             ... on level 5 of the Dungeon.
             The game lasted 00:07:54 (3164 turns).

Hubris850 the Cutter (Coglin Gladiator)             Turns: 3164, Time: 00:07:55

Health: 0/44       AC:  3    Str: 16    XL:     6   Next: 23%
Magic:  6/6        EV: 12    Int:  8    God:    Makhleb [**....]
Gold:   237        SH:  0    Dex: 17    Spells: 5/5 levels left

rFire   x . .        t - +1 dagger (venom) {Zulima}
rCold   . . .        j - +1 dagger (drain) {Jin}
rNeg    . . .        B - +0 robe of the Breadfruit {rF- Str+2 Slay+3}
rPois   .            x - +0 helmet
rElec   .            (no cloak)
rCorr   .            (no gloves)
SInv    .            (no boots)
Will    .....        (amulet unavailable)
Stlth   ++           (ring unavailable)
HPRegen 0.27/turn    (ring unavailable)
MPRegen 0.10/turn    (no gizmo)

%: no passive effects
@: revved
A: off-hand wielding, slow wielding, warmup strikes, no jewellery
a: Invent Gizmo, Renounce Religion, Minor Destruction


You were on level 5 of the Dungeon.
You worshipped Makhleb.
Makhleb was pleased with you.
You visited 1 branch of the dungeon, and saw 5 of its levels.

You collected 237 gold pieces.

Inventory:

Hand Weapons
 a - a +0 rapier {Titus}
 f - a +0 dagger {Helmut}
 j - a +1 dagger of draining (offhand) {Jin}
 t - a +1 dagger of venom (weapon) {Zulima}
 F - a +0 broad axe
 G - a +2 hand axe of flaming
Missiles
 d - 3 throwing nets (quivered)
 e - a javelin
Armour
 b - a +0 leather armour
 c - a +0 helmet
 x - a +0 helmet (worn)
 B - the +0 robe of the Breadfruit (worn) {rF- Str+2 Slay+3}
   (You found it on level 3 of the Dungeon)

   Str+2:     It affects your strength (+2).
   Slay+3:    It affects your accuracy & damage with ranged weapons and melee
   (+3).
   rF-:       It makes you vulnerable to fire.
Magical Staves
 s - a staff of conjuration
Wands
 y - a wand of light (9)
Scrolls
 g - 5 scrolls of identify {unknown}
 h - 2 scrolls of poison {unknown}
 k - 2 scrolls of vulnerability {unknown}
 l - 2 scrolls of teleportation {unknown}
 m - 2 scrolls of enchant armour {unknown}
 o - a scroll of immolation {unknown}
 p - a scroll of silence {unknown}
 v - a scroll of amnesia {unknown}
 A - a scroll of fog {unknown}
 C - a scroll of blinking {unknown}
 D - 2 scrolls of revelation {unknown}
 E - a scroll of enchant weapon {unknown}
Potions
 i - a potion of mutation {unknown}
 n - a potion of haste {unknown}
 q - a potion of curing {unknown}
 r - a potion of heal wounds {unknown}
 u - 2 potions of berserk rage {unknown}
 w - a potion of lignification {unknown}
 z - a potion of might {unknown}


   Skills:
 - Level 2.0 Fighting
 + Level 6.1 Short Blades
 - Level 1.8 Throwing
 - Level 2.7 Dodging


You had 5 spell levels left.
You didn't know any spells.
Your spell library contained the following spells:

 Spells                   Type           Power      Damage    Failure   Level
 Foxfire                  Conj/Fire      0%         2x1d4     41%         1
 Kiss of Death            Conj/Necr      0%         2d5       41%         1
 Slow                     Hex            0%         N/A       41%         1
 Cigotuvi's Dreadful Rot  Necr/Alch/Air  0%         N/A       54%         2
 Call Canine Familiar     Summ           0%         N/A       78%         3
 Dazzling Flash           Conj/Hex       0%         N/A       78%         3
 Hailstorm                Conj/Ice       0%         3d5       78%         3
 Sigil of Binding         Hex            0%         N/A       78%         3
 Summon Ice Beast         Ice/Summ       0%         N/A       78%         3
 Animate Dead             Necr           0%         N/A       99%         4
 Dimensional Bullseye     Hex/Tloc       0%         N/A       99%         4
 Ignite Poison            Fire/Alch      0%         N/A       99%         4
 Borgnjor's Vile Clutch   Necr/Erth      0%         N/A       100%        5
 Freezing Cloud           Conj/Ice/Air   0%         6-21      100%        5
 Death Channel            Necr           0%         N/A       100%        6
 Permafrost Eruption      Ice/Erth       0%         2x4d1     100%        6
 Sculpt Simulacrum        Ice/Alch       0%         N/A       100%        6
 Starburst                Conj/Fire      0%         6d3       100%        6
 Maxwell's Capacitive Co  Air            0%         ∞         100%        8


Dungeon Overview and Level Annotations

Branches:
Dungeon (5/15)
 Temple: D:4-7

Altars:
Ashenzari
Dithmenos
Makhleb
Nemelex Xobeh
Qazlal
Sif Muna
Wu Jian

Shops:
D:2 :   D:5 [=

Annotations:
D:5 Pikel


Innate Abilities, Weirdness & Mutations

You can wield a second weapon in your off-hand.
It takes a long time for you to wield or remove held weapons.
Your first few attacks do less damage.
You cannot equip rings or amulets.


Message History

A lemure comes into view. x2
Pikel, a lemure and an ogre come into view.
Pikel is wielding a +0 whip of flaming and wearing a +0 robe of fire resistance.
Pikel shouts!
The lemure shouts!
The ogre shouts!
The lemure shouts!
Found a stone staircase leading down.
The lemure hits you.
You barely miss the lemure with your +1 dagger of venom.
You closely miss the lemure with your +1 dagger of draining.
The lemure closely misses you.
You barely miss the lemure with your +1 dagger of draining.
You barely miss the lemure with your +1 dagger of venom.
The lemure hits you. The lemure misses you.
You hit the lemure with your +1 dagger of venom.
The lemure is poisoned.
The lemure is lightly wounded.
You hit the lemure with your +1 dagger of draining.
You hit the lemure but do no damage.
The lemure is moderately wounded.
You hit the lemure with your +1 dagger of venom.
The lemure looks as sick as possible!
The lemure hits you. The lemure barely misses you. The lemure hits you!
You hit the lemure with your +1 dagger of draining.
The lemure is lightly wounded.
You miss the lemure with your +1 dagger of venom.
The lemure hits you but does no damage. The lemure barely misses you.
The lemure misses you.
You hit the ogre with your +1 dagger of draining.
The ogre is lightly wounded.
You hit the ogre with your +1 dagger of venom.
The ogre is poisoned.
You barely miss the ogre with your +1 dagger of draining.
The ogre is moderately wounded.
You puncture the ogre with your +1 dagger of venom!
The ogre looks as sick as possible!
The lemure hits you.
The ogre hits you with a +0 giant spiked club!!
Ouch! That really hurt!
* * * LOW HITPOINT WARNING * * *
The lemure hits you.
* * * LOW HITPOINT WARNING * * *
The lemure hits you.
You die...

#...............~##
.#..##..##..............
..#......#.....∩........
.....................<..
.....................†..
........................
........................
......55...#.....#......
.....K5@...########.....
......5O...# ##....
..........## ##...
>.##.....## ### #
#######


You could see Pikel, an ogre (extremely poisoned) and 4 lemures.

Vanquished Creatures
  2 scorpions (D:5)
  A bombardier beetle (D:5)
  2 adders
  A white imp (D:5)
  2 dart slugs
  A ribbon worm (D:4)
  7 orcs
  7 endoplasms
  5 giant cockroaches
  5 goblins
  4 hobgoblins
  6 jackals (D:2)
  4 quokkas
  4 ball pythons
  7 bats
  4 frilled lizards
  9 kobolds
  4 rats
75 creatures vanquished.

Notes
Turn   | Place    | Note
-------+----------+-------------------------------------------
     0 | D:1      | Hubris850 the Coglin Gladiator began the quest for the Orb.
     0 | D:1      | Reached XP level 1. HP: 16/16 MP: 1/1
   219 | D:1      | Reached skill level 3 in Short Blades
   228 | D:1      | Reached XP level 2. HP: 21/22 MP: 2/2
   702 | D:2      | Reached XP level 3. HP: 27/27 MP: 3/3
   763 | D:2      | Noticed a phantom
   816 | D:2      | Found Gamp's Book Shoppe.
   889 | D:2      | Found a faded altar of an unknown god.
   969 | D:2      | Prayed at the altar of an unknown god.
   969 | D:2      | Became a worshipper of Makhleb the Destroyer
   969 | D:2      | Reached * piety under Makhleb
   974 | D:2      | Reached skill level 4 in Short Blades
  1044 | D:2      | Found an ornate altar of the Wu Jian Council.
  1470 | D:3      | Found a sparkling altar of Nemelex Xobeh.
  1537 | D:3      | Reached XP level 4. HP: 33/33 MP: 4/4
  1880 | D:3      | Identified the +0 robe of the Breadfruit {rF- Str+2 Slay+3}
  2025 | D:3      | Reached ** piety under Makhleb
  2418 | D:4      | Found a shadowy altar of Dithmenos.
  2418 | D:4      | Found a stormy altar of Qazlal.
  2419 | D:4      | Found a shimmering blue altar of Sif Muna.
  2655 | D:4      | Found a broken altar of Ashenzari.
  2805 | D:5      | Entered Level 5 of the Dungeon
  2809 | D:5      | Found Xophuis's Jewellery Shop.
  2827 | D:5      | Reached skill level 5 in Short Blades
  2827 | D:5      | Reached XP level 5. HP: 36/38 MP: 5/5
  2894 | D:5      | Reached skill level 6 in Short Blades
  2894 | D:5      | Reached XP level 6. HP: 19/44 MP: 6/6
  3121 | D:5      | Found Demeoxt's Armour Shoppe.
  3151 | D:5      | Got Zuteck's Prolegomenon to Theurgy
  3156 | D:5      | Noticed Pikel
  3164 | D:5      | HP: 1/44 [lemure[Pikel] (4)]
  3164 | D:5      | Slain by a lemure

Illustrated notes

Levels and vault maps discovered:
D:1:      lightli_molten_gateway, layout_loops_ring, minmay_misc_feat_five
D:2:      layout_loops_cross, basic_altar, ebering_ecumenical_altar_mist,
          serial_shops, nicolae_book_shop_shelving, minmay_misc_feat_encased,
          lightli_corner_chamber
D:3:      layout_basic, amcnicky_altar_gilded
D:4:      layout_basic, nicolae_overflow_quartered_altars, kennysheep_boxes
D:5:      layout_rooms, gammafunk_temple_overflow_pools,
          lemuel_temple_firewalk_a, serial_shops, shop, shop, shop,
          nicolae_shop_advertising_works [nicolae_subvault_shop_adworks],
          chequers_serial_rivers_large_b, uniq_pikel, uniq_eustachio

Skill      XL: |  1  2  3  4  5 |
---------------+----------------+-----
Short Blades   | 3 4 5 6 |  6.1
Fighting       | |  2.0
Throwing       | |  1.8
Dodging        | |  2.7

Action                     |  1- 3 |  4- 6 || total
---------------------------+-------+-------++-------
  Melee: Dagger            |    92 |   124 ||   216
         Rapier            |    48 |       ||    48
   Stab: Sleeping          |     5 |     3 ||     8
 Armour: Leather armour    |    50 |     9 ||    59
         Robe              |       |    24 ||    24
  Dodge: Dodged            |    42 |    28 ||    70

Table legend: (Time is in decaauts)
 A = Elapsed time spent in this place.
 B = Non-inter-level travel time spent in this place.
 C = Inter-level travel time spent in this place.
 D = Time resting spent in this place.
 E = Time spent auto-exploring this place.
 F = Levels seen in this place.
 G = Mean time per level.
                   A        B        C        D        E       F      G
               +--------+--------+--------+--------+--------+-----+--------+
         Total |   3141 |   3027 |    114 |    121 |   2381 |   5 |  628.2 |
       Dungeon |   3141 |   3027 |    114 |    121 |   2381 |   5 |  628.2 |
               +--------+--------+--------+--------+--------+-----+--------+

Top non-repeatable levels by time:
     D:3: 755 daAuts
     D:2: 713 daAuts
     D:1: 666 daAuts
     D:4: 650 daAuts
     D:5: 355 daAuts
